 Dungeon Crawl Stone Soup version 0.30-a0-757-ga6a79fd877 (webtiles) character file.

Game seed: 594627297216899343

163 sircluck the Chopper (level 5, -1/47 HPs)
             Began as a Hill Orc Fighter on Feb 9, 2023.
             Succumbed to Duvessa's poison
             ... on level 3 of the Dungeon.
             The game lasted 00:05:04 (2895 turns).

sircluck the Chopper (Hill Orc Fighter)             Turns: 2895, Time: 00:05:05

Health: -1/47      AC:  9    Str: 21    XL:     5   Next: 44%
Magic:  5/5        EV:  9    Int:  8    God:
Gold:   163        SH:  4    Dex: 10    Spells: 4/4 levels left

rFire   + . .      SeeInvis .    a - +0 war axe
rCold   . . .      Faith    .    c - +0 buckler
rNeg    . . .      Spirit   .    b - +0 scale mail
rPois   .          Reflect  .    (no helmet)
rElec   .          Harm     .    m - +0 cloak
rCorr   .          Rampage  .    h - +0 pair of gloves
Will    .....                    (no boots) Stlth
                                 (no amulet)
HPRegen 0.27/turn                k - ring of protection from fire
MPRegen 0.09/turn                (no ring)

@: lethally poisoned (-1 -> -13)
A: no striking features
a: no special abilities


You were on level 3 of the Dungeon.
You visited 1 branch of the dungeon, and saw 4 of its levels.

You collected 163 gold pieces.

Inventory:

Hand Weapons
 a - a +0 war axe (weapon)
 s - a +0 antimagic spear
 t - a +0 spear
 G - a +0 spectral flail
Missiles
 l - 33 stones (quivered)
 q - 2 large rocks
 F - 5 poisoned darts
Armour
 b - a +0 scale mail (worn)
 c - a +0 buckler (worn)
 h - a +0 pair of gloves (worn)
 m - a +0 cloak (worn)
 w - a +0 ring mail
Jewellery
 k - a ring of protection from fire (left hand)
 n - a ring of see invisible
 C - the amulet of the Four Winds {rN+ Will+++ Clar}
   (You found it on level 3 of the Dungeon)

   [amulet of nothing]

   rN:        It protects you from negative energy.
   Clar:      It protects you against confusion.
   Will:      It greatly increases your willpower.
 D - the amulet "Nihox" {Spirit rF+ rCorr Int+3}
   (You found it on level 3 of the Dungeon)

   [amulet of guardian spirit]

   It causes incoming damage to be divided between your reserves of health and
   magic.
   Int:       It affects your intelligence (+3).
   rF:        It protects you from fire.
   rCorr:     It protects you from acid and corrosion.
Scrolls
 i - a scroll of vulnerability {unknown}
 j - a scroll of silence {unknown}
 o - a scroll of teleportation {unknown}
 r - a scroll of poison {unknown}
 x - a scroll of fog {unknown}
 y - a scroll of blinking {unknown}
 A - 2 scrolls of fear {unknown}
 B - a scroll of torment {unknown}
 E - a scroll of identify {unknown}
Potions
 d - 4 potions of might
 e - a potion of berserk rage {unknown}
 f - 2 potions of curing {unknown}
 g - a potion of flight {unknown}
 p - a potion of brilliance {unknown}
 u - a potion of lignification {unknown}
 v - a potion of mutation {unknown}
 z - 2 potions of heal wounds {unknown}


   Skills:
 + Level 4.3 Fighting
 + Level 5.1 Axes
 + Level 4.0 Armour
 + Level 1.1 Dodging
 + Level 3.8 Shields


You had 4 spell levels left.
You didn't know any spells.
Your spell library contained the following spells:

 Spells                   Type           Power      Damage    Failure   Level
 Slow                     Hex            0%         N/A       83%         1
 Cigotuvi's Dreadful Rot  Necr/Pois/Air  0%         N/A       92%         2
 Poisonous Vapours        Pois/Air       0%         N/A       92%         2
 Confusing Touch          Hex            0%         N/A       99%         3
 Mephitic Cloud           Conj/Pois/Air  0%         N/A       99%         3
 Stone Arrow              Conj/Erth      0%         3d7       99%         3
 Vampiric Draining        Necr           0%         2d6       99%         3
 Animate Armour           Summ/Erth      0%         N/A       100%        4
 Lehudib's Crystal Spear  Conj/Erth      0%         10d2      100%        8


Dungeon Overview and Level Annotations

Branches:
Dungeon (4/15)
 Temple: D:4-7

Altars:
Makhleb
Okawaru
Qazlal

Annotations:
D:3 Dowan, Duvessa


Message History

There is an iron altar of Okawaru here.
There is an open door here.
There is a stone staircase leading down here.
You climb downwards.
Duvessa shouts!
Found a stone staircase leading up.
There is a stone staircase leading up here.
Duvessa hits you with a +2 rapier of venom.
You are poisoned.
Dowan hits you with a +0 dagger.
You climb upwards.
You feel very sick.
There is a stone staircase leading down here.
You feel sick.
Duvessa hits you with a +2 rapier of venom.
You are more poisoned.
You hit Dowan.
Dowan is lightly wounded.
You closely miss Duvessa.
You feel very sick.
Duvessa hits you with a +2 rapier of venom.
You are more poisoned.
Dowan barely misses you.
You hit Dowan.
Dowan is lightly wounded.
You barely miss Duvessa.
You feel very sick. Dowan barely misses you. You block Duvessa's attack.
Duvessa attacks as you move away!
Duvessa hits you with a +2 rapier of venom.
You are more poisoned.
* * * LOW HITPOINT WARNING * * *
You feel extremely sick.
* * * LOW HITPOINT WARNING * * *
You feel very sick. Dowan gestures at you while chanting.
You resist with some effort.
* * * LOW HITPOINT WARNING * * *
You feel very sick.
You die...

######.#...##...................
#....<.#####......#.........##..
###.##.#####....###.........##..
#......#........# #####.....##..
########.###>...## #.....##..
#.# #e....## #.....#### #.#
#.###..#####.......## #.#
#.e.......##.....#..# #.#
#...@.....#########.# #.#
#................##.. #.#
#................##.# #.#
#................##.# #.#
#................##.# #.#
###'###..........##.#
###'#####'###..........##..
#.....#.....#...#'#######.#
#.....#.....#####.## #.#


You could see Duvessa.

Vanquished Creatures
  Jessica (D:2)
  An adder (D:2)
  7 gnolls (D:2)
  A worm (D:3)
  4 dart slugs
  7 bats
  5 endoplasms
  3 giant cockroaches
  2 goblins (D:1)
  3 hobgoblins
  3 jackals (D:1)
  A quokka (D:1)
  2 ball pythons
  5 frilled lizards
  3 kobolds
  7 rats
55 creatures vanquished.

Vanquished Creatures (others)
  3 plants (D:1)
3 creatures vanquished.

Grand Total: 58 creatures vanquished

Notes
Turn   | Place    | Note
-------+----------+-------------------------------------------
     0 | D:1      | sircluck the Hill Orc Fighter began the quest for the Orb.
     0 | D:1      | Reached XP level 1. HP: 19/19 MP: 1/1
    98 | D:1      | Reached XP level 2. HP: 27/27 MP: 2/2
   330 | D:1      | Reached skill level 3 in Axes
   388 | D:1      | Reached XP level 3. HP: 32/33 MP: 3/3
   923 | D:2      | You fall into a shaft and drop 1 floor!
  1060 | D:2      | Reached skill level 4 in Axes
  1066 | D:2      | Reached XP level 4. HP: 9/40 MP: 4/4
  1427 | D:2      | Noticed Jessica
  1429 | D:2      | Reached skill level 1 in Dodging
  1439 | D:2      | Reached XP level 5. HP: 42/46 MP: 3/5
  1445 | D:2      | Killed Jessica
  1446 | D:2      | Reached skill level 5 in Axes
  1747 | D:2      | Found a burning altar of Makhleb.
  2196 | D:3      | Found a stormy altar of Qazlal.
  2533 | D:3      | Found the amulet of the Four Winds {rN+ Will+++ Clar}
  2572 | D:3      | Identified the amulet "Nihox" {Spirit rF+ rCorr Int+3}
  2826 | D:3      | Found an iron altar of Okawaru.
  2886 | D:4      | Noticed Duvessa
  2886 | D:4      | Noticed Dowan
  2894 | D:3      | HP: 2/47 [poisoned by Duvessa]
  2895 | D:3      | Succumbed to Duvessa's poison

Illustrated notes

Levels and vault maps discovered:
D:1:      elethiomel_arrival_infinity_welcomes_careful_drivers, layout_rooms,
          serial_bayou_crossing
D:2:      layout_loops_corners, basic_altar, kennysheep_generic_room_3,
          uniq_jessica
D:3:      minmay_door_path, layout_basic,
          hellmonk_okawaru_the_only_friend_you_need,
          nicolae_qazlal_eye_of_the_storm, wander_ebering_terrifying_dragon_lair
D:4:      layout_rooms, nicolae_uskayaw_dance_hall, led_sif_book,
          nicolae_shop_clearance, uniq_duvessa

Skill      XL: |  1  2  3  4  5 |
---------------+----------------+-----
Axes           | 3 4 5 |  5.1
Fighting       | 4 |  4.3
Dodging        | 1 |  1.1
Armour         | 4 |  4.0
Shields        | |  3.8

Action                     |  1- 3 |  4- 6 || total
---------------------------+-------+-------++-------
  Melee: War axe           |   114 |    71 ||   185
 Armour: Scale mail        |    68 |    30 ||    98
  Dodge: Dodged            |    58 |    47 ||   105
  Block: Buckler           |    26 |    13 ||    39

Table legend: (Time is in decaauts)
 A = Elapsed time spent in this place.
 B = Non-inter-level travel time spent in this place.
 C = Inter-level travel time spent in this place.
 D = Time resting spent in this place.
 E = Time spent auto-exploring this place.
 F = Levels seen in this place.
 G = Mean time per level.
                   A        B        C        D        E       F      G
               +--------+--------+--------+--------+--------+-----+--------+
         Total |   2965 |   2689 |    276 |      0 |   2149 |   4 |  741.2 |
       Dungeon |   2965 |   2689 |    276 |      0 |   2149 |   4 |  741.2 |
               +--------+--------+--------+--------+--------+-----+--------+

Top non-repeatable levels by time:
     D:2: 1181 daAuts
     D:3: 965 daAuts
     D:1: 816 daAuts
     D:4: 1 daAuts
